 Dungeon Crawl Stone Soup version 0.32-a0-798-gfa783ce77f (webtiles) character file.

Game seed: 7700709296314159169

165 Essalna the Magician (level 5, -6/30 HPs)
             Began as a Deep Elf Fire Elementalist on Mar 21, 2024.
             Was an Initiate of Vehumet.
             Killed by divine providence
             ... invoked by an orc priest
              (11 damage)
             ... on level 4 of the Dungeon.
             The game lasted 00:04:13 (2138 turns).

Essalna the Magician (Deep Elf Fire Elementalist)   Turns: 2138, Time: 00:04:14

Health: -6/30      AC:  9    Str: 10    XL:     5   Next: 21%
Magic:  7/13       EV: 11    Int: 30    God:    Vehumet [......]
Gold:   112        SH:  0    Dex: 15    Spells: 10/13 levels left

rFire   . . .        j - +0 dagger (speed)
rCold   . . .        (no shield)
rNeg    . . .        n - +3 robe of the Unseen Realm {Str+5 Int+5}
rPois   .            h - +2 helmet {Int+3}
rElec   .            (no cloak)
rCorr   .            p - +0 pair of gloves
SInv    .            (no boots)
Will    .....        (no amulet)
Stlth   ++           (no ring)
HPRegen 0.25/turn    (no ring)
MPRegen 0.13/turn

%: no passive effects
@: no status effects
A: no striking features
a: Renounce Religion


You were on level 4 of the Dungeon.
You worshipped Vehumet.
Vehumet was noncommittal.
You visited 1 branch of the dungeon, and saw 4 of its levels.

You collected 231 gold pieces.
You spent 119 gold pieces at shops.

Inventory:

Hand Weapons
 j - a +0 dagger of speed (weapon)
Armour
 a - a +0 robe
 h - a +2 helmet of intelligence (worn)
 n - the +3 robe of the Unseen Realm (worn) {Str+5 Int+5}
   (You bought it in a shop on level 2 of the Dungeon)

   Str+5:     It affects your strength (+5).
   Int+5:     It affects your intelligence (+5).
 p - a +0 pair of gloves (worn)
Scrolls
 c - 2 scrolls of amnesia {unknown}
 d - 2 scrolls of teleportation {unknown}
 e - a scroll of enchant weapon {unknown}
 g - 3 scrolls of summoning {unknown}
 i - a scroll of fear {unknown}
 k - a scroll of torment {unknown}
 m - a scroll of immolation {unknown}
 o - 2 scrolls of identify {unknown}
 q - a scroll of noise {unknown}
Potions
 b - a potion of magic
 f - 3 potions of curing {unknown}
 l - a potion of invisibility {unknown}


   Skills:
 + Level 1.8 Fighting
 - Level 2.4 Dodging
 - Level 2.4 Stealth
 + Level 4.5 Spellcasting
 + Level 2.8 Conjurations
 + Level 4.3 Fire Magic


You had 10 spell levels left.
You knew the following spells:

 Your Spells              Type           Power      Damage    Failure   Level
a - Foxfire               Conj/Fire      100%       2x1d9     1%          1
b - Scorch                Fire           64%        2d7       1%          2

Your spell library contained the following spells:

 Spells                   Type           Power      Damage    Failure   Level
 Inner Flame              Hex/Fire       19%        N/A       8%          3
 Volatile Blastmotes      Fire/Tloc      38%        2d13      8%          3
 Cigotuvi's Dreadful Rot  Necr/Alch/Air  12%        N/A       10%         2
 Flame Wave               Conj/Fire      28%        2d9       14%         4
 Gell's Gravitas          Tloc           6%         N/A       19%         3
 Teleport Other           Tloc           6%         N/A       19%         3
 Ignite Poison            Fire/Alch      19%        N/A       26%         4
 Leda's Liquefaction      Alch/Erth      3%         N/A       52%         4
 Petrify                  Alch/Erth      6%         N/A       52%         4
 Freezing Cloud           Conj/Ice/Air   6%         6-21      75%         5
 Metabolic Englaciation   Hex/Ice        3%         N/A       86%         5
 Dispersal                Tloc           3%         N/A       100%        6


Dungeon Overview and Level Annotations

Branches:
Dungeon (4/15)
 Temple: D:4-7

Altars:
Vehumet

Shops:
D:2 =[?:

Annotations:
D:4 Grinder


Message History

Vehumet accepts your kill.
You feel sick.
You feel sick.
There is an open door here.
You feel sick.
You feel sick.
You feel sick.
Casting: Foxfire (safe; 1% risk of failure)
Confirm with . or Enter, or press ? or * to list all spells.
You conjure some foxfire!
You feel sick.
Your magical contamination has completely faded away.
Casting: Foxfire (safe; 1% risk of failure)
Confirm with . or Enter, or press ? or * to list all spells.
You conjure some foxfire!
You feel sick.
You are no longer poisoned.
The foxfire hits the orc but does no damage. x2
Casting: Foxfire (safe; 1% risk of failure)
Confirm with . or Enter, or press ? or * to list all spells.
You conjure some foxfire!
The foxfire hits the orc but does no damage. x2
Casting: Foxfire (safe; 1% risk of failure)
Confirm with . or Enter, or press ? or * to list all spells.
You conjure some foxfire!
The foxfire hits the orc but does no damage.
The foxfire hits the orc.
The orc is moderately wounded.
The orc priest invokes the aid of Beogh against you.
Beogh smites you!
* * * LOW HITPOINT WARNING * * *
Casting: Foxfire (safe; 1% risk of failure)
Confirm with . or Enter, or press ? or * to list all spells.
You conjure some foxfire!
The foxfire hits the orc.
You kill the orc!
Vehumet accepts your kill.
The foxfire hits the orc priest.
The orc priest is moderately wounded.
The orc priest casts a cantrip, but nothing happens.
The orc priest mumbles some strange prayers to Beogh against you.
Beogh smites you!
You die...

### ###### #.# #####..
#....# #.### #......
#....# #.#.# #.###..
###....# #.#.# #.# ###
.......##### #.#.# #.#
#....#...# #.#.# #.#
#####...o#.vv###.#.# #.#
........o'§.@....#.####.#
######)###.§§###.....##.#
#. #.§.# ###.####.#####
#. #...# #.# #.#.... #o
##### #.####v#.... #.
#........... #o
######.#.... .. #.#....
#.####.


You could see 2 orc priests.

Vanquished Creatures
  An iguana (D:4)
  3 gnolls (D:3)
  7 adders
  A dart slug (D:3)
  2 orcs (D:4)
  A bat (D:1)
  6 endoplasms
  A giant cockroach (D:1)
  5 goblins
  2 jackals (D:2)
  2 kobolds
  4 quokkas
  5 ball pythons
  A frilled lizard (D:3)
  8 rats
49 creatures vanquished.

Vanquished Creatures (others)
  220 foxfires
220 creatures vanquished.

Grand Total: 269 creatures vanquished

Notes
Turn   | Place    | Note
-------+----------+-------------------------------------------
     0 | D:1      | Essalna the Deep Elf Fire Elementalist began the quest for
                  | the Orb.
     0 | D:1      | Reached XP level 1. HP: 10/10 MP: 6/6
   245 | D:1      | Reached XP level 2. HP: 16/16 MP: 1/8
   779 | D:2      | Reached XP level 3. HP: 20/20 MP: 5/10
   859 | D:2      | Reached skill level 1 in Fighting
   977 | D:2      | Found Jesuoh's Jewellery Emporium.
  1019 | D:2      | Found Qolezaku's Antique Armour Emporium.
  1052 | D:2      | Bought an ichor-stained robe for 119 gold pieces
  1052 | D:2      | Identified the +3 robe of the Unseen Realm {Str+5 Int+5}
                  | (You bought it in a shop on level 2 of the Dungeon)
  1093 | D:2      | Found Ihifits's Book Boutique.
  1178 | D:2      | Found Zyloxkempu's Magic Scroll Shop.
  1252 | D:2      | Found a radiant altar of Vehumet.
  1265 | D:2      | Became a worshipper of Vehumet
  1427 | D:3      | Reached XP level 4. HP: 25/25 MP: 1/11
  1574 | D:3      | Found a faded altar of an unknown god.
  1996 | D:4      | Noticed Grinder
  2002 | D:4      | Learned a level 2 spell: Scorch
  2065 | D:4      | Reached XP level 5. HP: 30/30 MP: 11/13
  2138 | D:4      | Killed from afar by an orc priest

Illustrated notes

Levels and vault maps discovered:
D:1:      amcnicky_arrival_flooded_fountain, layout_rooms,
          chequers_serial_rivers_room_b
D:2:      layout_rooms, serial_shops, shop, shop,
          nicolae_shop_tiny_statue_garden, nicolae_shop_gaudy_bauble,
          basic_altar
D:3:      layout_rooms, nicolae_ecumenical_snake_handling, nicolae_grassy_gnolls
D:4:      layout_basic, serial_shops, nicolae_book_shop_shelving, uniq_grinder

Skill      XL: |  1  2  3  4 |
---------------+-------------+-----
Fighting       | 1 |  1.8
Conjurations   | 2 |  2.8
Spellcasting   | 4 |  4.5
Fire Magic     | 4 |  4.3
Dodging        | |  2.4
Stealth        | |  2.4

Action                     |  1- 3 |  4- 6 || total
---------------------------+-------+-------++-------
  Melee: Dagger            |     6 |     1 ||     7
   Cast: Foxfire           |    80 |    44 ||   124
         Scorch            |       |     2 ||     2
 Armour: Robe              |     1 |     1 ||     2
  Dodge: Dodged            |     3 |       ||     3

Table legend: (Time is in decaauts)
 A = Elapsed time spent in this place.
 B = Non-inter-level travel time spent in this place.
 C = Inter-level travel time spent in this place.
 D = Time resting spent in this place.
 E = Time spent auto-exploring this place.
 F = Levels seen in this place.
 G = Mean time per level.
                   A        B        C        D        E       F      G
               +--------+--------+--------+--------+--------+-----+--------+
         Total |   2138 |   2087 |     51 |     39 |   1682 |   4 |  534.5 |
       Dungeon |   2138 |   2087 |     51 |     39 |   1682 |   4 |  534.5 |
               +--------+--------+--------+--------+--------+-----+--------+

Top non-repeatable levels by time:
     D:1: 750 daAuts
     D:2: 630 daAuts
     D:3: 511 daAuts
     D:4: 246 daAuts
